 Dungeon Crawl Stone Soup version 0.21.1-1-g345015f (webtiles) character file.

415 tidbits the Insei (level 6, -1/47 HPs)
             Began as a Gnoll Transmuter on Mar 9, 2018.
             Slain by an ogre
             ... wielding a +0 giant spiked club
              (16 damage)
             ... on level 5 of the Dungeon.
             The game lasted 00:09:01 (1070 turns).

tidbits the Insei (Gnoll Transmuter)                Turns: 1070, Time: 00:09:02

Health: -1/47      AC:  4    Str: 13      XL:     6   Next: 91%
Magic:  5/14       EV: 14    Int: 17      God:
Gold:   123        SH:  0    Dex: 13 (15) Spells: 9/15 levels left

rFire    . . .     SeeInvis .   a - +0 dagger
rCold    . . .     Gourm    .   (no shield)
rNeg     + . .     Faith    .   B - +1 robe
rPois    +         Spirit   .   E - +0 helmet
rElec    .         Reflect  .   (no cloak)
rCorr    .         Harm     .   (no gloves)
MR       .....                  (no boots)
Stlth    ++........             o - amulet of inaccuracy (curse)
HPRegen  0.15/turn              P - ring of poison resistance
MPRegen  0.14/turn              t - ring of positive energy

@: flying, very slightly contaminated
A: distributed training, fangs 1, strong nose
a: no special abilities


You were on level 5 of the Dungeon.
You were not hungry.

You visited 1 branch of the dungeon, and saw 5 of its levels.

You collected 123 gold pieces.

Inventory:

Hand Weapons
 a - a +0 dagger (weapon)
 q - a +0 hunting sling
Missiles
 g - 3 arrows
 k - 64 stones (quivered)
 s - 4 tomahawks
Armour
 h - a +0 ring mail
 B - a +1 robe (worn)
 E - a +0 helmet (worn)
Jewellery
 e - a +2 amulet of reflection {unknown}
   (You found it on level 2 of the Dungeon)
 o - a cursed amulet of inaccuracy (around neck)
   (You found it on level 2 of the Dungeon)
 t - a ring of positive energy (right hand)
   (You found it on level 3 of the Dungeon)
 P - a ring of poison resistance (left hand)
   (You found it on level 2 of the Dungeon)
Wands
 u - a wand of scattershot (2)
Potions
 b - a potion of flight
 j - a potion of mutation {unknown}
 m - a potion of cancellation {unknown}
 n - a potion of lignification {unknown}
 p - a potion of resistance
 r - 2 potions of degeneration
 v - 2 potions of curing
Books
 c - a book of Changes

   Spells                             Type                      Level
   a - Beastly Appendage              Transmutation                1
   b - Sticks to Snakes               Transmutation                2
   c - Spider Form                    Transmutation/Poison         3
   d - Ice Form                       Ice/Transmutation            4
   e - Blade Hands                    Transmutation                5
Comestibles
 d - 5 rations


   Skills:
 + Level 3.3 Fighting
 + Level 2.1 Short Blades
 + Level 2.1 Long Blades
 + Level 2.1 Axes
 + Level 2.1 Maces & Flails
 + Level 2.1 Polearms
 + Level 2.1 Staves
 + Level 2.1 Slings
 + Level 2.1 Bows
 + Level 2.1 Crossbows
 + Level 2.1 Throwing
 + Level 2.1 Armour
 + Level 5.0 Dodging
 + Level 2.1 Stealth
 + Level 2.1 Shields
 + Level 6.9 Unarmed Combat
 + Level 5.4 Spellcasting
 + Level 1.7 Conjurations
 + Level 1.7 Hexes
 + Level 1.7 Charms
 + Level 1.7 Summonings
 + Level 1.7 Necromancy
 + Level 1.7 Translocations
 + Level 4.2 Transmutations
 + Level 1.7 Fire Magic
 + Level 1.7 Ice Magic
 + Level 1.7 Air Magic
 + Level 1.7 Earth Magic
 + Level 1.7 Poison Magic
 + Level 2.3 Invocations
 + Level 2.1 Evocations


You had 9 spell levels left.
You knew the following spells:

 Your Spells              Type           Power        Failure   Level  Hunger
e - Beastly Appendage     Tmut           ###...       2%          1    None
k - Sticks to Snakes      Tmut           ###.....     3%          2    #......
p - Spider Form           Tmut/Pois      ##........   12%         3    ##.....


Dungeon Overview and Level Annotations

Branches:
Dungeon (5/15)
 Temple: D:4-7

Altars:
Elyvilon
Vehumet


Innate Abilities, Weirdness & Mutations

Your experience applies equally to all skills.
You have very sharp teeth.
Your uncanny sense of smell can sniff out nearby items.


Message History

The howler monkey looks as sick as possible!
The howler monkey is almost dead.
You kill the howler monkey!
The orc priest misses you.
You bite the orc priest!
The orc priest is poisoned.
The orc priest is heavily wounded.
The orc priest completely misses you.
You bite the orc priest!
You kill the orc priest!
Your Dodging skill increases to level 5!
You closely miss the orc wizard. The orc wizard misses you.
You miss the orc wizard. The orc wizard misses you.
You bite the orc wizard!
The orc wizard is poisoned.
The orc wizard is heavily wounded.
Your transformation has ended.
Your +0 dagger unmelds from your body.
Your +0 helmet unmelds from your body.
Your +1 robe unmelds from your body.
The orc wizard points at you and mumbles some strange words.
The puff of flame hits you!
* * * LOW HITPOINT WARNING * * *
You barely miss the orc wizard.
The orc wizard is almost dead.
The orc wizard gestures wildly while chanting.
The orc wizard flickers and vanishes!
Casting: Spider Form
Confirm with . or Enter, or press ? or * to list all spells.
You miscast Spider Form.
You are very lightly contaminated with residual magic.
Nothing appears to happen.
Something hits you but does no damage.
A howler monkey comes into view.
Evoke which item? (* to show all) (? for menu, Esc to quit)
Aiming: Scattershot
Press: ? - help, Shift-Dir - straight line, f - howler monkey
Aim: a howler monkey (hasn't noticed you)
The burst of metal fragments hits something.
Your Short Blades skill increases to level 2!
Your Long Blades skill increases to level 2!
Your Axes skill increases to level 2!
Your Maces & Flails skill increases to level 2!
Your Polearms skill increases to level 2!
Your Staves skill increases to level 2!
Your Slings skill increases to level 2!
Your Bows skill increases to level 2!
Your Crossbows skill increases to level 2!
Your Throwing skill increases to level 2!
Your Armour skill increases to level 2!
Your Stealth skill increases to level 2!
Your Shields skill increases to level 2!
Your Evocations skill increases to level 2!
You feel a bit more experienced.
The burst of metal fragments hits the howler monkey.
The howler monkey howls!
The burst of metal fragments hits the howler monkey.
You kill the howler monkey!
You feel your dexterity returning.
Unknown command.
Casting: Spider Form
Confirm with . or Enter, or press ? or * to list all spells.
You turn into a venomous arachnid creature.
Your +0 dagger melds into your body.
Your +0 helmet melds into your body.
Your +1 robe melds into your body.
You barely miss the orc priest. The orc priest barely misses you.
You closely miss the orc priest. You bite the orc priest!
The orc priest looks as sick as possible!
The orc priest is severely wounded.
The orc priest barely misses you.
You hit the orc priest but do no damage.
The orc priest is severely wounded.
The orc priest closely misses you.
You bite the orc priest!
You kill the orc priest!
Items here: )) [[ ††
Okay, then.
Butcher a howler monkey corpse? [(y)es/(c)hoosy/(n)o/(a)ll/(e)dible/(q)uit/?]
Butcher an orc corpse? [(y)es/(c)hoosy/(n)o/(a)ll/(e)dible/(q)uit/?]
Okay, then.
You butcher the howler monkey corpse.
Items here: % )) [[ † Unknown command.
Eat one of 3 chunks of flesh? (ye/n/q)
You eat one of the 3 chunks of flesh.
This raw flesh tastes terrible.
Things that are here:
a mace; an orc corpse
Items here: % )) [[ †
Things that are here:
a trident; an orc corpse Unknown command.
Your transformation has ended.
Your +0 dagger unmelds from your body.
Your +0 helmet unmelds from your body.
Your +1 robe unmelds from your body.
A bullfrog skeleton comes into view.
Items here: % )) [[ † Evoke which item? (* to show all) (? for menu, Esc to quit)
Aiming: Scattershot
Press: ? - help, Shift-Dir - straight line, f - ogre
Aim: an ogre, wielding a giant spiked club The burst of metal fragments hits the ogre. x2
The ogre is almost dead.
The ogre hits you with a giant spiked club!
You die...

##########
###oJ.$
#.<......####
=..$.......
#.............oo
..o.###....
#........##. #.#
#. #....
#........# ..$
#.... #........#
#.# #....
#.[.......####.#
#.#..
#.......[...##O#
..###
#########..@.#.##
.. ###)O#..## ∆
#(.)...###
##........%
###..Z.....
####...#. ...# ∆
.Z# #..


You could see an ogre and a bullfrog skeleton.

Vanquished Creatures
  2 howler monkeys (D:5)
  A bullfrog zombie (D:4)
  3 orc priests
  A jelly (D:5)
  Jessica (D:2)
  Terence (D:2)
  An orc wizard (D:5)
  A worker ant (D:4)
  2 adders (D:2)
  An ooze (D:1)
  2 worms
  A dart slug (D:4)
  2 leopard geckos (D:2)
  5 orcs
  3 hobgoblins
  4 jackals
  2 kobolds
  A ball python (D:3)
  2 bats
  A frilled lizard (D:2)
  4 goblins
  3 rats
44 creatures vanquished.

Vanquished Creatures (collateral kills)
  A centaur skeleton (D:2)
1 creature vanquished.

Grand Total: 45 creatures vanquished

Notes
Turn   | Place    | Note
-------+----------+-------------------------------------------
     0 | D:1      | tidbits the Gnoll Transmuter began the quest for the Orb.
     0 | D:1      | Reached XP level 1. HP: 17/17 MP: 6/6
    65 | D:1      | Reached XP level 2. HP: 4/23 MP: 5/7
    72 | D:1      | Learned a level 2 spell: Sticks to Snakes
   135 | D:2      | Noticed Jessica
   144 | D:2      | Killed Jessica
   144 | D:2      | Reached skill level 5 in Spellcasting
   144 | D:2      | Reached XP level 3. HP: 10/28 MP: 2/9
   149 | D:2      | Learned a level 3 spell: Spider Form
   238 | D:2      | Reached skill level 1 in Invocations
   324 | D:2      | Reached skill level 1 in Short Blades
   324 | D:2      | Reached skill level 1 in Long Blades
   324 | D:2      | Reached skill level 1 in Axes
   324 | D:2      | Reached skill level 1 in Maces & Flails
   324 | D:2      | Reached skill level 1 in Polearms
   324 | D:2      | Reached skill level 1 in Staves
   324 | D:2      | Reached skill level 1 in Slings
   324 | D:2      | Reached skill level 1 in Bows
   324 | D:2      | Reached skill level 1 in Crossbows
   324 | D:2      | Reached skill level 1 in Throwing
   324 | D:2      | Reached skill level 1 in Armour
   324 | D:2      | Reached skill level 1 in Stealth
   324 | D:2      | Reached skill level 1 in Shields
   324 | D:2      | Reached skill level 1 in Evocations
   324 | D:2      | Reached XP level 4. HP: 15/34 MP: 2/11
   440 | D:2      | Noticed Terence
   466 | D:2      | Killed Terence
   466 | D:2      | Reached skill level 1 in Conjurations
   466 | D:2      | Reached skill level 1 in Hexes
   466 | D:2      | Reached skill level 1 in Charms
   466 | D:2      | Reached skill level 1 in Summonings
   466 | D:2      | Reached skill level 1 in Necromancy
   466 | D:2      | Reached skill level 1 in Translocations
   466 | D:2      | Reached skill level 1 in Fire Magic
   466 | D:2      | Reached skill level 1 in Ice Magic
   466 | D:2      | Reached skill level 1 in Air Magic
   466 | D:2      | Reached skill level 1 in Earth Magic
   466 | D:2      | Reached skill level 1 in Poison Magic
   582 | D:2      | Reached XP level 5. HP: 35/40 MP: 2/12
   820 | D:4      | Reached skill level 3 in Fighting
   835 | D:4      | Found a radiant altar of Vehumet.
   854 | D:5      | Entered Level 5 of the Dungeon
   859 | D:5      | Reached skill level 4 in Transmutations
   900 | D:4      | Reached XP level 6. HP: 11/47 MP: 0/13
   919 | D:4      | Found a white marble altar of Elyvilon.
   939 | D:4      | Reached skill level 2 in Invocations
  1046 | D:5      | Reached skill level 5 in Dodging
  1052 | D:5      | Reached skill level 2 in Short Blades
  1052 | D:5      | Reached skill level 2 in Long Blades
  1052 | D:5      | Reached skill level 2 in Axes
  1052 | D:5      | Reached skill level 2 in Maces & Flails
  1052 | D:5      | Reached skill level 2 in Polearms
  1052 | D:5      | Reached skill level 2 in Staves
  1052 | D:5      | Reached skill level 2 in Slings
  1052 | D:5      | Reached skill level 2 in Bows
  1052 | D:5      | Reached skill level 2 in Crossbows
  1052 | D:5      | Reached skill level 2 in Throwing
  1052 | D:5      | Reached skill level 2 in Armour
  1052 | D:5      | Reached skill level 2 in Stealth
  1052 | D:5      | Reached skill level 2 in Shields
  1052 | D:5      | Reached skill level 2 in Evocations
  1070 | D:5      | Slain by an ogre

Skill      XL: |  1  2  3  4  5  6 |
---------------+-------------------+-----
Spellcasting   | 5 |  5.4
Invocations    | 1 2 |  2.3
Short Blades   | 1 2 |  2.1
Long Blades    | 1 2 |  2.1
Axes           | 1 2 |  2.1
Maces & Flails | 1 2 |  2.1
Polearms       | 1 2 |  2.1
Staves         | 1 2 |  2.1
Slings         | 1 2 |  2.1
Bows           | 1 2 |  2.1
Crossbows      | 1 2 |  2.1
Throwing       | 1 2 |  2.1
Armour         | 1 2 |  2.1
Stealth        | 1 2 |  2.1
Shields        | 1 2 |  2.1
Evocations     | 1 2 |  2.1
Conjurations   | 1 |  1.7
Hexes          | 1 |  1.7
Charms         | 1 |  1.7
Summonings     | 1 |  1.7
Necromancy     | 1 |  1.7
Translocations | 1 |  1.7
Fire Magic     | 1 |  1.7
Ice Magic      | 1 |  1.7
Air Magic      | 1 |  1.7
Earth Magic    | 1 |  1.7
Poison Magic   | 1 |  1.7
Fighting       | 3 |  3.3
Transmutations | 4 |  4.2
Dodging        | 5 |  5.0
Unarmed Combat | |  6.9

Action                   |  1- 3 |  4- 6 || total
-------------------------+-------+-------++-------
Melee: Unarmed           |    36 |   102 ||   138
       Bite              |     5 |     1 ||     6
       Headbutt          |     1 |       ||     1
       Kick              |     1 |       ||     1
       Dagger            |       |     3 ||     3
Throw: Stone             |       |     1 ||     1
 Cast: Beastly Appendage |     5 |       ||     5
       Sticks to Snakes  |     4 |     5 ||     9
       Spider Form       |     4 |    19 ||    23
 Abil: End Transformatio |       |     1 ||     1
Evoke: Wand              |       |     2 ||     2
  Use: Scroll            |     3 |     6 ||     9
       Potion            |       |     2 ||     2
  Eat: Chunk             |       |     3 ||     3
Armor: Skin              |     2 |     6 ||     8
       Robe              |     1 |     4 ||     5
Dodge: Dodged            |    16 |   104 ||   120

Table legend:
 A = Turns spent in this place as a percentage of turns spent in the entire game.
 B = Non-inter-level travel turns spent in this place as a percentage of non-inter-level travel turns spent in the entire game.
 C = Inter-level travel turns spent in this place as a percentage of turns spent in this place.
 D = Turns resting spent in this place as a percentage of non-inter-level travel turns spent in this place.
 E = Turns spent auto-exploring this place as a percentage of non-inter-level travel turns spent in this place.
 F = Non-inter-level travel turns spent in this place divided by the number of levels of this place that you've seen.
                   A       B       C       D       E      F
               +-------+-------+-------+-------+-------+----------------------
         Total | 100.0 | 100.0 |   0.0 |   0.0 |   0.0 | 214.0
       Dungeon | 100.0 | 100.0 |   0.0 |   0.0 |   0.0 | 214.0
               +-------+-------+-------+-------+-------+----------------------

Table legend:
 A = Kills in this place as a percentage of kills in entire the game.
 B = Kills by you in this place as a percentage of kills by you in the entire game.
 C = Kills by friends in this place as a percentage of kills by friends in the entire game.
 D = Other kills in this place as a percentage of other kills in the entire game.
 E = Experience gained in this place as a percentage of experience gained in the entire game.
 F = Experience gained in this place divided by the number of levels of this place that you have seen.
                   A       B       C       D       E      F
               +-------+-------+-------+-------+-------+----------------------
         Total | 100.0 | 100.0 | 100.0 |   N/A | 100.0 | 118.6
       Dungeon | 100.0 | 100.0 | 100.0 |   N/A | 100.0 | 118.6
               +-------+-------+-------+-------+-------+----------------------

Vault maps used:
D:1:      roderic_dead_forest
D:2:      first_ration, uniq_terence, uniq_jessica
D:3:      grunt_ministairs_8
D:4:      lemuel_crystal_altar, nicolae_overflow_crystal_walls
